 Dungeon Sprint DCSS version 0.17-a0-2002-g92c7e20 (webtiles) character file.

5939 Kidiri the Unseen (level 10, -1/48 HPs)
             Began as a Spriggan Enchanter on Oct 8, 2015.
             Was the Champion of Dithmenos.
             Slain by a spiny frog (10 damage)
             ... in the Dungeon (Sprint III: "The Ten Rune Challenge").
             The game lasted 00:13:46 (2194 turns).

Kidiri the Unseen (Spriggan Enchanter)              Turns: 2194, Time: 00:13:46

Health: -1/48      AC:  3    Str:  2    XL:     10   Next: 54%
Magic:  13/27      EV: 31    Int: 19    God:    Dithmenos [******]
Gold:   26         SH:  0    Dex: 18    Spells: 9 memorised, 4 levels left

rFire  . . .     SeeInvis +     l - +0 short sword
rCold  . . .     Clarity  .     b - +1 robe
rNeg   . . .     SustAt   .     (shield restricted)
rPois  .         Gourm    .     (helmet restricted)
rElec  .         Spirit   .     (no cloak)
rCorr  .         Warding  .     (gloves unavailable)
rMut   .         NoTele   +     (boots unavailable)
MR     +....                    (no amulet)
Stlth  ++++++++++               (no ring)
                                (no ring)

@: wreathed by umbra, very quick, somewhat resistant to hostile enchantments,
uncannily stealthy
A: unfitting armour, see invisible, herbivore 3, speed 3, robust 1, slow
metabolism 2, weak 1
a: Shadow Step, Shadow Form, Renounce Religion


You were in the Dungeon.
You worshipped Dithmenos.
Dithmenos was exalted by your worship.
You were full.

You visited 1 branch You collected 26 gold pieces.

Inventory:

Hand Weapons
 l - a +0 short sword (weapon)
Armour
 b - a +1 robe (worn)
Scrolls
 j - a scroll of blinking
 n - a scroll of holy word
 p - a scroll of remove curse
Potions
 c - a potion of berserk rage
 e - a potion of curing
 f - 2 potions of heal wounds
 g - a potion of haste
 h - 2 potions of magic
 i - a potion of might
 r - 3 potions of cure mutation
 s - 2 potions of flight
Books
 o - a book of Power

   Spells                             Type                      Level
   a - Fulminant Prism                Conjuration/Hexes            4
   b - Iskenderun's Mystic Blast      Conjuration                  4
   c - Venom Bolt                     Conjuration/Poison           5
   d - Bolt of Magma                  Conjuration/Fire/Earth       5
   e - Iron Shot                      Conjuration/Earth            6
   f - Orb of Destruction             Conjuration                  7
   g - Spellforged Servitor           Conjuration/Summoning        7
Comestibles
 d - a bread ration
 q - 33 royal jellies


   Skills:
 * Level 11.3 Short Blades
 + Level 5.3 Armour
 * Level 14.6 Dodging
 * Level 15.6 Stealth
 * Level 12.4 Spellcasting
 + Level 5.2 Conjurations
 + Level 9.4 Hexes
 + Level 5.8 Ice Magic
 + Level 3.0 Poison Magic
 - Level 3.0 Invocations


You had 4 spell levels left.
You knew the following spells:

 Your Spells              Type           Power        Failure   Level  Hunger
a - Corona                Hex            #####..      1%          1    None
b - Ensorcelled Hibernat  Hex/Ice        #####.       1%          2    None
c - Confuse               Hex            #####...     1%          3    None
d - Tukima's Dance        Hex            #####...     1%          3    None
e - Dazzling Spray        Conj/Hex       #####...     1%          3    None
f - Cause Fear            Hex            #####.....   1%          4    #......
g - Fulminant Prism       Conj/Hex       #####.....   3%          4    #......
h - Iskenderun's Mystic   Conj           ####....     10%         4    #......
i - Venom Bolt            Conj/Pois      ####......   34%         5    ####...


Dungeon Overview and Level Annotations

Branches:
Dungeon (1/1)

Altars:
Cheibriados
Dithmenos
Elyvilon
Fedhas
Gozag
Kikubaaqudgha
Makhleb
Nemelex Xobeh
Okawaru
Qazlal
Ru
Sif Muna
Trog
Vehumet
Xom
Yredelemnul
Zin
The Shining One
Jiyva
Lugonu


Innate Abilities, Weirdness & Mutations

You are tiny and cannot use many weapons and most armour.
You have supernaturally acute eyesight.
You are a herbivore.
You cover ground extremely quickly.
You need consume almost no food.
You are robust (+10% HP).
You are weak. (Str -2)


Message History

Your shadow hits the spiny frog but does no damage.
You closely miss the spiny frog.
The spiny frog gives a loud, deep croak!
The spiny frog is severely wounded.
The spiny frog completely misses you.
You hit the spiny frog but do no damage.
The spiny frog is severely wounded.
The spiny frog is no longer blind.
The spiny frog completely misses you.
You barely miss the spiny frog.
The spiny frog is severely wounded.
You hit the spiny frog but do no damage.
The spiny frog is severely wounded.
The spiny frog stings you!!
* * * LOW HITPOINT WARNING * * *
You emit a cloud of dark smoke.
You are lethally poisoned!
The spiny frog poisons you!
Drink which item? (? for menu, Esc to quit)
You feel better. The spiny frog stings you!
You die...

♣♣...'.⌠........#
≈≈.♣.#...######'#
≈....#.⌠.#__#...#+###############
.....#...#__#...#.§§≈≈'.#.'...'.#
.....#+###__#...#.#§§≈#.#.#...##.
.....#.÷.#__#...'.#§§§#.#.#...#.#
.....#___#_.+...#.#§§§#...#...##.
▓▓▓▓▓▓▓▓▓▓▓▓▓▓▓▓▓▓▓▓▓▓▓▓▓▓▓▓▓▓#.#
♣≈§F@§......≈≈≈...##.
♣†♣§§§§≈≈≈≈≈≈≈≈♣♣P.'.#
.§♣♣♣♣♣♣♣♣♣♣♣♣♣♣♣♣PP##. #.. ♣♣♣
#+ ##


You could see a spiny frog.

Vanquished Creatures
  Erica (D)
  A centaur warrior (D)
  An unseen horror (D)
  A spiny frog (D)
  A deep elf priest (D)
  A komodo dragon (D)
  3 wandering mushrooms (D)
  A queen bee (D)
  A shadow (D)
  A spatial vortex (D)
  A necrophage (D)
  2 centaurs (D)
  An earth elemental (D)
  A water elemental (D)
  32 killer bees (D)
  A jelly (D)
  Jessica (D)
  A necromancer (D)
  A wizard (D)
  3 humans (D)
  A kobold demonologist (D)
  A phantom (D)
  3 rats (D)
61 creatures vanquished.

Vanquished Creatures (others)
  2 draconian scorchers (D)
  A yaktaur (D)
  3 fulminant prisms (D)
6 creatures vanquished.

Grand Total: 67 creatures vanquished

Notes
Turn   | Place    | Note
--------------------------------------------------------------
     0 | D        | Kidiri the Spriggan Enchanter began the quest for the Orb.
     0 | D        | Reached XP level 1. HP: 9/9 MP: 5/5
    12 | D        | Noticed Jessica
    15 | D        | Killed Jessica
    15 | D        | Reached skill level 6 in Stealth
    15 | D        | Reached XP level 2. HP: 13/13 MP: 6/8
    24 | D        | Learned a level 2 spell: Ensorcelled Hibernation
    98 | D        | Reached skill level 1 in Armour
    98 | D        | Reached skill level 5 in Dodging
    98 | D        | Reached XP level 3. HP: 8/16 MP: 0/10
   103 | D        | Learned a level 3 spell: Confuse
   107 | D        | Learned a level 3 spell: Dazzling Spray
   247 | D        | Killed a white draconian scorcher
   266 | D        | Killed a white draconian scorcher
   307 | D        | Gained mutation: You are frail (-10% HP). [potion of mutation]
   307 | D        | Gained mutation: Your system is resistant to poisons. [potion of mutation]
   307 | D        | Gained mutation: Your magical capacity is low (-10% MP). [potion of mutation]
   308 | D        | Lost mutation: You are frail (-10% HP). [potion of cure mutation]
   308 | D        | Lost mutation: Your magical capacity is low (-10% MP). [potion of cure mutation]
   308 | D        | Lost mutation: Your system is resistant to poisons. [potion of cure mutation]
   309 | D        | Gained mutation: You are weak. (Str -2) [potion of mutation]
   309 | D        | Gained mutation: You are robust (+10% HP). [potion of mutation]
   470 | D        | Noticed a water elemental
   494 | D        | Killed a water elemental
   494 | D        | Reached skill level 7 in Stealth
   494 | D        | Reached skill level 5 in Spellcasting
   494 | D        | Reached skill level 1 in Conjurations
   494 | D        | Reached skill level 1 in Ice Magic
   494 | D        | Reached XP level 4. HP: 23/23 MP: 2/12
   507 | D        | Killed a yaktaur
   584 | D        | Noticed a jelly
   585 | D        | Noticed a shadow
   609 | D        | Killed a shadow
   609 | D        | Reached skill level 5 in Short Blades
   609 | D        | Reached skill level 9 in Stealth
   609 | D        | Reached skill level 5 in Hexes
   609 | D        | Reached XP level 5. HP: 4/26 MP: 2/15
   617 | D        | Killed a jelly
   617 | D        | Reached XP level 6. HP: 5/30 MP: 0/16
   870 | D        | Learned a level 3 spell: Tukima's Dance
   893 | D        | Found a stormy altar of Qazlal.
   894 | D        | Found a sacrificial altar of Ru.
   894 | D        | Found a burning altar of Makhleb.
   894 | D        | Found a viscous altar of Jiyva.
   894 | D        | Found a shimmering altar of Xom.
   894 | D        | Found a shadowy altar of Dithmenos.
   894 | D        | Found a sparkling altar of Nemelex Xobeh.
   894 | D        | Found a corrupted altar of Lugonu.
   894 | D        | Found an opulent altar of Gozag.
   894 | D        | Noticed a spatial vortex
   899 | D        | Became a worshipper of Dithmenos the Shadowed
   900 | D        | Killed a spatial vortex
   900 | D        | Reached skill level 10 in Stealth
   900 | D        | Reached skill level 1 in Invocations
   921 | D        | Found a radiant altar of Vehumet.
   922 | D        | Found a deep blue altar of Sif Muna.
   922 | D        | Found an ancient bone altar of Kikubaaqudgha.
   922 | D        | Noticed a wizard
   923 | D        | Killed a wizard
   970 | D        | Learned a level 4 spell: Cause Fear
   981 | D        | Learned a level 4 spell: Fulminant Prism
  1003 | D        | Found a glowing silver altar of Zin.
  1004 | D        | Found a glowing golden altar of the Shining One.
  1004 | D        | Found a white marble altar of Elyvilon.
  1004 | D        | Noticed a deep elf priest
  1006 | D        | Killed a deep elf priest
  1006 | D        | Reached skill level 10 in Dodging
  1006 | D        | Reached skill level 11 in Stealth
  1006 | D        | Reached XP level 7. HP: 35/35 MP: 17/19
  1058 | D        | Found an iron altar of Okawaru.
  1059 | D        | Found a bloodstained altar of Trog.
  1059 | D        | Noticed a human
  1059 | D        | Noticed a human
  1061 | D        | Killed a human
  1062 | D        | Killed a human
  1082 | D        | Learned a level 4 spell: Iskenderun's Mystic Blast
  1086 | D        | Found a basalt altar of Yredelemnul.
  1086 | D        | Found a snail-covered altar of Cheibriados.
  1086 | D        | Found a blossoming altar of Fedhas.
  1086 | D        | Noticed a necrophage
  1086 | D        | Noticed a necromancer
  1088 | D        | Killed a necrophage
  1088 | D        | Acquired Dithmenos's first power
  1088 | D        | Reached XP level 8. HP: 39/39 MP: 22/22
  1089 | D        | Killed a necromancer
  1163 | D        | Noticed Erica
  1172 | D        | Killed Erica
  1172 | D        | Reached skill level 12 in Stealth
  1172 | D        | Reached skill level 10 in Spellcasting
  1360 | D        | Noticed an earth elemental
  1363 | D        | Killed an earth elemental
  1368 | D        | Noticed a centaur
  1368 | D        | Noticed a centaur warrior
  1368 | D        | Noticed a centaur
  1370 | D        | Killed a centaur warrior
  1370 | D        | Reached skill level 13 in Stealth
  1370 | D        | Reached XP level 9. HP: 42/42 MP: 19/24
  1371 | D        | Killed a centaur
  1371 | D        | Acquired Dithmenos's second power
  1372 | D        | Killed a centaur
  1436 | D        | Learned a level 5 spell: Venom Bolt
  1484 | D        | Noticed an unseen horror
  1486 | D        | Killed an unseen horror
  1486 | D        | Reached skill level 10 in Short Blades
  1486 | D        | Reached skill level 14 in Stealth
  1486 | D        | Reached skill level 5 in Ice Magic
  1486 | D        | Reached skill level 1 in Poison Magic
  1496 | D        | Noticed a killer bee
  1496 | D        | Noticed a killer bee
  1496 | D        | Noticed a killer bee
  1496 | D        | Noticed a killer bee
  1496 | D        | Noticed a killer bee
  1496 | D        | Noticed a killer bee
  1496 | D        | Noticed a killer bee
  1496 | D        | Noticed a killer bee
  1496 | D        | Noticed a killer bee
  1496 | D        | Noticed a killer bee
  1496 | D        | Noticed a killer bee
  1496 | D        | Noticed a killer bee
  1496 | D        | Noticed a killer bee
  1496 | D        | Noticed a killer bee
  1496 | D        | Noticed a killer bee
  1497 | D        | Noticed a killer bee
  1497 | D        | Noticed a killer bee
  1497 | D        | Noticed a killer bee
  1497 | D        | Noticed a killer bee
  1497 | D        | Noticed a killer bee
  1498 | D        | Noticed a killer bee
  1498 | D        | Noticed a killer bee
  1498 | D        | Killed a killer bee
  1499 | D        | Noticed a killer bee
  1500 | D        | Noticed a killer bee
  1500 | D        | Killed a killer bee
  1500 | D        | Killed a killer bee
  1500 | D        | Acquired Dithmenos's third power
  1501 | D        | Noticed a killer bee
  1501 | D        | Noticed a killer bee
  1504 | D        | Killed a killer bee
  1505 | D        | Noticed a killer bee
  1505 | D        | Noticed a killer bee
  1506 | D        | Noticed a killer bee
  1506 | D        | Killed a killer bee
  1508 | D        | Killed a killer bee
  1510 | D        | Killed a killer bee
  1512 | D        | Noticed a killer bee
  1512 | D        | Killed a killer bee
  1514 | D        | Killed a killer bee
  1514 | D        | Acquired Dithmenos's fourth power
  1516 | D        | Noticed a queen bee
  1714 | D        | Noticed a killer bee
  1717 | D        | Noticed a killer bee
  1717 | D        | Killed a killer bee
  1719 | D        | Killed a killer bee
  1721 | D        | Killed a killer bee
  1727 | D        | Killed a killer bee
  1729 | D        | Killed a killer bee
  1731 | D        | Killed a killer bee
  1737 | D        | Killed a killer bee
  1739 | D        | Killed a queen bee
  1739 | D        | Reached XP level 10. HP: 42/48 MP: 2/26
  1869 | D        | Killed a killer bee
  1871 | D        | Killed a killer bee
  1871 | D        | Killed a killer bee
  1878 | D        | Killed a killer bee
  1878 | D        | Reached skill level 5 in Armour
  1878 | D        | Killed a killer bee
  1878 | D        | Killed a killer bee
  1878 | D        | Killed a killer bee
  1878 | D        | Reached skill level 15 in Stealth
  1878 | D        | Killed a killer bee
  1878 | D        | Reached skill level 5 in Conjurations
  1878 | D        | Killed a killer bee
  1878 | D        | Killed a killer bee
  1878 | D        | Killed a killer bee
  1881 | D        | Killed a killer bee
  2026 | D        | Killed a killer bee
  2028 | D        | Killed a killer bee
  2030 | D        | Killed a killer bee
  2032 | D        | Killed a killer bee
  2118 | D        | Noticed a wandering mushroom
  2119 | D        | Noticed a wandering mushroom
  2119 | D        | Noticed a wandering mushroom
  2120 | D        | Killed a wandering mushroom
  2122 | D        | Killed a wandering mushroom
  2123 | D        | Killed a wandering mushroom
  2163 | D        | Noticed a spiny frog
  2163 | D        | Noticed a komodo dragon
  2163 | D        | Noticed a spiny frog
  2167 | D        | Killed a spiny frog
  2170 | D        | Killed a komodo dragon
  2194 | D        | Slain by a spiny frog

Vault maps used:
D:        dungeon_sprint_mu

Action                   |  1- 3 |  4- 6 |  7- 9 | 10-12 || total
-------------------------+-------+-------+-------+-------++-------
Melee: Dagger            |    39 |    13 |     2 |       ||    54
       Short sword       |       |       |    30 |    33 ||    63
 Cast: Ensorcelled Hiber |     4 |     1 |    23 |    11 ||    39
       Corona            |     3 |       |       |       ||     3
       Dazzling Spray    |     5 |     4 |     2 |     8 ||    19
       Cause Fear        |       |       |     1 |       ||     1
       Confuse           |       |       |     1 |       ||     1
       Iskenderun's Myst |       |       |     2 |       ||     2
       Fulminant Prism   |       |       |       |     3 ||     3
Invok: Shadow Step       |       |       |     1 |     2 ||     3
  Use: Potion            |     4 |       |     1 |     1 ||     6
       Scroll            |     4 |       |       |       ||     4
 Stab: Sleeping          |     4 |     5 |    24 |     9 ||    42
       Invisible         |       |       |       |     1 ||     1
  Eat: Bread ration      |       |       |     1 |       ||     1
